[ PARTIDA AOE2 · #508043781 ]
UnrankedLituanos vs Franks
Equipo del jugador · DERR
Equipo rival · VICT
[ ANÁLISIS DE REPETICIÓN · EXTRAÍDO DE LA PARTIDA GRABADA ]
Feudal
8:51
Castillos
19:32
Imperial
—
| APM promedio | 71.5 |
| APM pico | 101 |
| eAPM promedio | 25.5 |
| Aldeanos / militares | 101 / 72 |
Foco
⚔️ 34.1% · 🌾 65.9%
Cavalry Archer ×43 · Monk ×12 · Skirmisher ×7 · Spearman ×4 · Militia ×3 · Mangonel ×3
Feudal
8:50
Castillos
18:42
Imperial
—
| APM promedio | 107.8 |
| APM pico | 133 |
| eAPM promedio | 61.1 |
| Aldeanos / militares | 125 / 75 |
Foco
⚔️ 58.3% · 🌾 41.7%
Knight ×38 · Scout Cavalry ×18 · Monk ×8 · Scorpion ×7 · Spearman ×2 · Skirmisher ×1
Mapa de la partida
Recursos iniciales + cada clic de construcción. Líneas = muros · curvas = relieve. ◆ oro · ⬟ piedra · ● bayas · ✦ reliquia · ◌ hueco del cierre
Tu base· Abierta — el rival se encerró
Base de TAG_Mihai06· Abierta — hueco de 5t
Terreno inicial suavizado · ◌ = hueco del cierre detectado · pasá el cursor para detalles
Inputs por minuto
— OS+ | Sziky - - TAG_Mihai06
Build order — OS+ | Sziky
Primeras 150 de 290 acciones detectadas
| 0:00 | Encolar | Villager (Male) |
| 0:01 | Construir | House |
| 0:02 | Construir | House |
| 0:09 | Encolar | Villager (Male) |
| 0:28 | Encolar | Villager (Male) |
| 0:30 | Encolar | Villager (Male) |
| 0:37 | Encolar | Villager (Male) |
| 1:21 | Encolar | Villager (Male) |
| 1:41 | Encolar | Villager (Male) |
| 1:58 | Construir | Lumber Camp |
| 2:03 | Encolar | Villager (Male) |
| 2:27 | Encolar | Villager (Male) |
| 3:11 | Encolar | Villager (Male) |
| 3:23 | Encolar | Villager (Male) |
| 3:41 | Encolar | Villager (Male) |
| 3:50 | Construir | House |
| 3:51 | Construir | House |
| 4:00 | Encolar | Villager (Male) |
| 4:01 | Encolar | Villager (Male) |
| 4:37 | Construir | House |
| 5:02 | Encolar | Villager (Male) |
| 5:03 | Investigar | Loom |
| 5:45 | Construir | Barracks |
| 6:24 | Construir | House |
| 6:40 | Investigar | Feudal Age |
| 6:43 | Encolar | Militia |
| 6:56 | Encolar | Militia |
| 7:20 | Encolar | Militia |
| 7:24 | Construir | Mill |
| 8:11 | Construir | House |
| 8:14 | Encolar | Villager (Male) |
| 8:51 | Edad | Edad Feudal |
| 8:52 | Investigar | Man-at-Arms (upgrade) |
| 8:52 | Investigar | Man-at-Arms (upgrade) |
| 8:59 | Investigar | Double-Bit Axe |
| 9:12 | Encolar | Villager (Male) |
| 9:35 | Encolar | Spearman |
| 9:37 | Encolar | Villager (Male) |
| 9:42 | Construir | Palisade Wall |
| 9:48 | Construir | Palisade Wall |
| 10:01 | Encolar | Villager (Male) |
| 10:13 | Encolar | Villager (Male) |
| 10:19 | Construir | Farm |
| 10:24 | Construir | Farm |
| 10:27 | Construir | Farm |
| 10:29 | Construir | Farm |
| 10:41 | Encolar | Spearman |
| 10:50 | Encolar | Villager (Male) |
| 10:52 | Construir | Farm |
| 10:55 | Construir | Palisade Wall |
| 11:03 | Construir | Palisade Wall |
| 11:23 | Encolar | Villager (Male) |
| 11:26 | Encolar | Villager (Male) |
| 11:38 | Construir | Archery Range |
| 11:42 | Encolar | Villager (Male) |
| 11:50 | Construir | Palisade Wall |
| 12:00 | Construir | Farm |
| 12:02 | Encolar | Villager (Male) |
| 12:05 | Construir | Palisade Wall |
| 12:19 | Construir | House |
| 12:24 | Construir | Farm |
| 12:44 | Encolar | Villager (Male) |
| 12:46 | Encolar | Villager (Male) |
| 12:49 | Construir | House |
| 12:55 | Construir | Palisade Wall |
| 12:56 | Construir | Palisade Wall |
| 13:00 | Encolar | Villager (Male) |
| 13:08 | Construir | Farm |
| 13:10 | Construir | Farm |
| 13:12 | Construir | Farm |
| 13:29 | Construir | Blacksmith |
| 13:32 | Encolar | Villager (Male) |
| 13:58 | Construir | Mining Camp |
| 14:00 | Construir | Mining Camp |
| 14:03 | Encolar | Villager (Male) |
| 14:04 | Encolar | Spearman |
| 14:25 | Construir | Farm |
| 14:36 | Construir | House |
| 14:46 | Encolar | Skirmisher |
| 15:01 | Construir | Watch Tower |
| 15:04 | Encolar | Villager (Male) |
| 15:13 | Construir | Farm |
| 15:22 | Construir | House |
| 15:24 | Encolar | Villager (Male) |
| 15:48 | Construir | House |
| 16:02 | Encolar | Villager (Male) |
| 16:20 | Construir | House |
| 16:22 | Encolar | Villager (Male) |
| 16:52 | Investigar | Castle Age |
| 16:55 | Encolar | Skirmisher |
| 16:58 | Construir | Archery Range |
| 17:11 | Construir | House |
| 17:15 | Encolar | Skirmisher |
| 17:18 | Construir | Farm |
| 17:19 | Construir | Farm |
| 17:19 | Construir | Farm |
| 17:23 | Construir | Farm |
| 17:28 | Construir | Farm |
| 17:31 | Investigar | Horse Collar |
| 17:32 | Encolar | Skirmisher |
| 17:48 | Construir | Farm |
| 17:54 | Construir | Farm |
| 18:00 | Investigar | Fletching |
| 18:09 | Encolar | Skirmisher |
| 18:14 | Construir | Farm |
| 18:22 | Encolar | Skirmisher |
| 18:31 | Encolar | Villager (Male) |
| 18:47 | Encolar | Villager (Male) |
| 18:50 | Encolar | Skirmisher |
| 19:32 | Edad | Edad de los Castillos |
| 19:37 | Construir | Market |
| 19:43 | Construir | House |
| 19:54 | Construir | House |
| 20:03 | Encolar | Villager (Male) |
| 20:11 | Construir | Town Center |
| 20:16 | Construir | House |
| 20:18 | Encolar | Villager (Male) |
| 20:19 | Encolar | Cavalry Archer |
| 20:31 | Encolar | Cavalry Archer |
| 20:39 | Encolar | Villager (Male) |
| 20:45 | Investigar | Gold Mining |
| 20:55 | Encolar | Villager (Male) |
| 20:59 | Encolar | Villager (Male) |
| 21:00 | Construir | House |
| 21:09 | Encolar | Villager (Male) |
| 21:12 | Encolar | Cavalry Archer |
| 21:13 | Encolar | Villager (Male) |
| 21:15 | Construir | House |
| 21:28 | Encolar | Cavalry Archer |
| 21:30 | Construir | Farm |
| 21:36 | Encolar | Villager (Male) |
| 21:47 | Investigar | Bow Saw |
| 21:51 | Encolar | Villager (Male) |
| 22:01 | Investigar | Bodkin Arrow |
| 22:07 | Construir | House |
| 22:08 | Encolar | Villager (Male) |
| 22:13 | Construir | House |
| 22:21 | Construir | Monastery |
| 22:26 | Encolar | Cavalry Archer |
| 22:29 | Encolar | Villager (Male) |
| 22:37 | Construir | House |
| 22:48 | Encolar | Villager (Male) |
| 22:48 | Encolar | Cavalry Archer |
| 23:08 | Encolar | Monk |
| 23:10 | Encolar | Villager (Male) |
| 23:16 | Construir | Farm |
| 23:17 | Construir | Farm |
| 23:18 | Construir | Farm |
| 23:19 | Construir | Farm |
| 23:25 | Encolar | Villager (Male) |
Build order — TAG_Mihai06
Primeras 150 de 365 acciones detectadas
| 0:00 | Encolar | Villager (Male) |
| 0:01 | Construir | House |
| 0:02 | Construir | House |
| 0:03 | Encolar | Villager (Male) |
| 0:10 | Encolar | Villager (Male) |
| 0:14 | Encolar | Villager (Male) |
| 1:24 | Encolar | Villager (Male) |
| 1:55 | Construir | Lumber Camp |
| 2:01 | Encolar | Villager (Male) |
| 2:13 | Encolar | Villager (Male) |
| 2:48 | Encolar | Villager (Male) |
| 3:05 | Encolar | Villager (Male) |
| 3:17 | Encolar | Villager (Male) |
| 3:59 | Construir | House |
| 4:02 | Encolar | Villager (Male) |
| 4:20 | Construir | Mill |
| 4:22 | Encolar | Villager (Male) |
| 4:48 | Encolar | Villager (Male) |
| 5:07 | Encolar | Villager (Male) |
| 5:33 | Encolar | Villager (Male) |
| 5:42 | Investigar | Loom |
| 5:57 | Construir | Lumber Camp |
| 6:37 | Investigar | Feudal Age |
| 6:37 | Investigar | Feudal Age |
| 7:18 | Construir | House |
| 7:26 | Encolar | Villager (Male) |
| 7:50 | Construir | Barracks |
| 7:57 | Construir | Palisade Wall |
| 8:00 | Construir | Palisade Wall |
| 8:11 | Construir | House |
| 8:17 | Construir | Palisade Wall |
| 8:18 | Construir | Palisade Wall |
| 8:24 | Encolar | Villager (Male) |
| 8:50 | Edad | Edad Feudal |
| 8:55 | Construir | Stable |
| 9:01 | Encolar | Villager (Male) |
| 9:07 | Encolar | Spearman |
| 9:25 | Construir | Palisade Wall |
| 9:26 | Construir | Palisade Wall |
| 9:29 | Construir | Palisade Wall |
| 9:33 | Construir | Palisade Wall |
| 9:37 | Construir | Palisade Wall |
| 9:38 | Investigar | Double-Bit Axe |
| 9:38 | Encolar | Scout Cavalry |
| 9:52 | Encolar | Scout Cavalry |
| 9:53 | Encolar | Spearman |
| 9:59 | Construir | Farm |
| 10:00 | Encolar | Villager (Male) |
| 10:16 | Construir | Farm |
| 10:23 | Encolar | Villager (Male) |
| 10:28 | Construir | House |
| 10:38 | Encolar | Scout Cavalry |
| 10:44 | Construir | Farm |
| 10:57 | Construir | Farm |
| 10:58 | Encolar | Villager (Male) |
| 11:22 | Encolar | Villager (Male) |
| 11:26 | Construir | Farm |
| 11:28 | Construir | Farm |
| 11:43 | Encolar | Villager (Male) |
| 11:44 | Construir | Farm |
| 11:55 | Construir | Palisade Wall |
| 11:56 | Construir | Palisade Wall |
| 12:05 | Encolar | Villager (Male) |
| 12:16 | Construir | House |
| 12:26 | Encolar | Villager (Male) |
| 12:29 | Construir | Farm |
| 12:43 | Construir | Farm |
| 12:46 | Encolar | Villager (Male) |
| 12:58 | Construir | Farm |
| 13:11 | Construir | Farm |
| 13:12 | Encolar | Villager (Male) |
| 13:35 | Construir | Mining Camp |
| 13:37 | Encolar | Villager (Male) |
| 13:45 | Construir | House |
| 13:45 | Construir | House |
| 13:46 | Construir | Palisade Wall |
| 13:54 | Encolar | Villager (Male) |
| 14:05 | Construir | Archery Range |
| 14:31 | Encolar | Villager (Male) |
| 14:49 | Construir | Farm |
| 14:53 | Encolar | Skirmisher |
| 14:55 | Construir | Farm |
| 15:03 | Encolar | Villager (Male) |
| 15:24 | Encolar | Villager (Male) |
| 15:36 | Construir | House |
| 15:37 | Construir | House |
| 15:43 | Construir | Palisade Wall |
| 15:49 | Construir | Palisade Wall |
| 15:51 | Construir | Palisade Wall |
| 16:02 | Investigar | Castle Age |
| 16:03 | Investigar | Castle Age |
| 16:23 | Encolar | Scout Cavalry |
| 16:28 | Construir | Farm |
| 16:34 | Construir | Mill |
| 16:35 | Construir | Farm |
| 16:35 | Construir | Farm |
| 16:38 | Construir | Farm |
| 16:38 | Construir | Farm |
| 16:46 | Construir | House |
| 16:47 | Construir | House |
| 16:51 | Encolar | Scout Cavalry |
| 17:02 | Construir | House |
| 17:05 | Construir | House |
| 17:08 | Construir | Palisade Wall |
| 17:08 | Construir | Palisade Wall |
| 17:09 | Construir | Palisade Wall |
| 17:09 | Construir | Palisade Wall |
| 17:15 | Encolar | Scout Cavalry |
| 17:27 | Encolar | Villager (Male) |
| 17:48 | Construir | Farm |
| 17:48 | Encolar | Scout Cavalry |
| 18:10 | Construir | Farm |
| 18:12 | Construir | Farm |
| 18:42 | Edad | Edad de los Castillos |
| 18:46 | Investigar | Light Cavalry (upgrade) |
| 18:46 | Investigar | Light Cavalry (upgrade) |
| 18:52 | Construir | Town Center |
| 19:03 | Encolar | Villager (Male) |
| 19:06 | Investigar | Bow Saw |
| 19:19 | Construir | House |
| 19:23 | Encolar | Villager (Male) |
| 19:41 | Encolar | Villager (Male) |
| 19:53 | Investigar | Town Watch |
| 19:53 | Investigar | Town Watch |
| 19:55 | Investigar | Wheelbarrow |
| 20:03 | Construir | House |
| 20:04 | Construir | House |
| 20:06 | Construir | House |
| 20:07 | Construir | House |
| 20:11 | Construir | House |
| 20:24 | Encolar | Villager (Male) |
| 20:27 | Encolar | Villager (Male) |
| 20:29 | Encolar | Knight |
| 20:39 | Construir | Monastery |
| 20:42 | Encolar | Knight |
| 20:42 | Encolar | Villager (Male) |
| 20:47 | Encolar | Villager (Male) |
| 21:08 | Encolar | Villager (Male) |
| 21:11 | Encolar | Knight |
| 21:21 | Encolar | Monk |
| 21:29 | Construir | Town Center |
| 21:38 | Encolar | Villager (Male) |
| 21:40 | Encolar | Villager (Male) |
| 21:42 | Construir | Farm |
| 21:52 | Encolar | Villager (Male) |
| 21:52 | Encolar | Villager (Male) |
| 21:53 | Encolar | Monk |
| 21:58 | Encolar | Villager (Male) |
| 22:01 | Encolar | Knight |
| 22:02 | Investigar | Husbandry |
Cronología de la partida
| 5:45 | OS+ | Sziky · first_building Barracks |
| 7:50 | TAG_Mihai06 · first_building Barracks |
| 7:57 | TAG_Mihai06 · wall_segment Palisade Wall x6 |
| 8:00 | TAG_Mihai06 · wall_segment Palisade Wall x7 |
| 8:17 | TAG_Mihai06 · wall_segment Palisade Wall x4 |
| 8:18 | TAG_Mihai06 · wall_segment Palisade Wall x4 |
| 8:50 | TAG_Mihai06 · age_up feudal |
| 8:51 | OS+ | Sziky · age_up feudal |
| 8:55 | TAG_Mihai06 · first_building Stable |
| 9:25 | TAG_Mihai06 · wall_segment Palisade Wall x1 |
| 9:26 | TAG_Mihai06 · wall_segment Palisade Wall x1 |
| 9:29 | TAG_Mihai06 · wall_segment Palisade Wall x1 |
| 9:33 | TAG_Mihai06 · wall_segment Palisade Wall x1 |
| 9:37 | TAG_Mihai06 · wall_segment Palisade Wall x1 |
| 9:42 | OS+ | Sziky · wall_segment Palisade Wall x8 |
| 9:48 | OS+ | Sziky · wall_segment Palisade Wall x5 |
| 10:55 | OS+ | Sziky · wall_segment Palisade Wall x10 |
| 11:03 | OS+ | Sziky · wall_segment Palisade Wall x7 |
| 11:38 | OS+ | Sziky · first_building Archery Range |
| 11:50 | OS+ | Sziky · wall_segment Palisade Wall x9 |
| 11:55 | TAG_Mihai06 · wall_segment Palisade Wall x7 |
| 11:56 | TAG_Mihai06 · wall_segment Palisade Wall x3 |
| 12:05 | OS+ | Sziky · wall_segment Palisade Wall x4 |
| 12:55 | OS+ | Sziky · wall_segment Palisade Wall x1 |
| 12:56 | OS+ | Sziky · wall_segment Palisade Wall x1 |
| 13:46 | TAG_Mihai06 · wall_segment Palisade Wall x1 |
| 14:05 | TAG_Mihai06 · first_building Archery Range |
| 15:43 | TAG_Mihai06 · wall_segment Palisade Wall x10 |
| 15:49 | TAG_Mihai06 · wall_segment Palisade Wall x5 |
| 15:51 | TAG_Mihai06 · wall_segment Palisade Wall x7 |
| 17:08 | TAG_Mihai06 · wall_segment Palisade Wall x1 |
| 17:08 | TAG_Mihai06 · wall_segment Palisade Wall x1 |
| 17:09 | TAG_Mihai06 · wall_segment Palisade Wall x1 |
| 17:09 | TAG_Mihai06 · wall_segment Palisade Wall x1 |
| 18:42 | TAG_Mihai06 · age_up castle |
| 19:32 | OS+ | Sziky · age_up castle |
| 20:08 | OS+ | Sziky · first_market_buy 100 stone |
| 20:09 | OS+ | Sziky · first_market_sell 100 food |
| 20:39 | TAG_Mihai06 · first_building Monastery |
| 22:21 | OS+ | Sziky · first_building Monastery |
| 23:27 | OS+ | Sziky · first_building Stable |
| 24:28 | OS+ | Sziky · wall_segment Palisade Wall x1 |
| 24:32 | TAG_Mihai06 · first_building Siege Workshop |
| 26:00 | OS+ | Sziky · first_building Siege Workshop |
| 31:32 | TAG_Mihai06 · first_building Castle |
| 34:26 | OS+ | Sziky · resign |
[ ANÁLISIS IA · 1 CRÉDITO ]
¿Qué pasó realmente en esta partida?
Wolo.gg analiza cada decisión: build order, eco, micro, errores típicos por bracket. Análisis personalizado por WhatsApp o Discord en 30 segundos.
Guía civ
Lituanos
Perfil
Jugador #14725904